 Dungeon Crawl Stone Soup version 0.25-a0-167-g836c352ace (console) character file.

Game seed: 17813342293085075566, levelgen mode: deterministic

9 Kagalorn the Shooter (level 2, 0/24 HPs)
             Began as a Centaur Hunter on Nov 25, 2019.
             Slain by an adder (4 damage)
             ... on level 2 of the Dungeon.
             The game lasted 00:01:49 (212 turns).

Kagalorn the Shooter (Centaur Hunter)                Turns: 212, Time: 00:01:50

Health: 0/24       AC:  4    Str: 14    XL:     2   Next: 6%
Magic:  2/2        EV:  9    Int: 10    God:
Gold:   10         SH:  0    Dex:  9    Spells: 1/1 levels left

rFire    . . .     SeeInvis .   a - +1 shortbow
rCold    . . .     Gourm    .   (shield currently unavailable)
rNeg     . . .     Faith    .   c - +0 leather armour
rPois    .         Spirit   .   (no helmet)
rElec    .         Reflect  .   (no cloak)
rCorr    .         Harm     .   (no gloves)
MR       .....                  (no barding)
Stlth    +.........             (no amulet)
HPRegen  0.08/turn              (no ring)
MPRegen  0.08/turn              (no ring)

@: lethally poisoned (0 -> -4), very quick
A: large, hooves 3, deformed body, speed 2, tough skin 3
a: no special abilities


You were on level 2 of the Dungeon.
You were not hungry.

You visited 1 branch of the dungeon, and saw 2 of its levels.

You collected 10 gold pieces.

Inventory:

Hand Weapons
 a - a +1 shortbow (weapon)
 b - a +0 short sword
Missiles
 d - 9 arrows (quivered)
Armour
 c - a +0 leather armour (worn)
Potions
 e - a potion of curing {unknown}
Comestibles
 f - 2 rations


   Skills:
 - Level 2.0 Fighting
 + Level 6.0 Bows
 - Level 1.3 Dodging
 - Level 0.4 Stealth


You had one spell level left.
You didn't know any spells.
Your spell library was empty.

Dungeon Overview and Level Annotations

Branches:
Dungeon (1/15)

Altars:


Innate Abilities, Weirdness & Mutations

You have hooves in place of feet.
Armour fits poorly on your strangely shaped body.
You cover ground very quickly.
You have extremely tough skin. (AC +3)


Message History

Press: ? - help, Shift-Dir - straight line, f/p - adder
Aim: an adder (severely wounded)
You shoot an arrow. The arrow hits the giant cockroach.
You kill the giant cockroach!
Your Bows skill increases to level 6!
Firing (i - inventory)
d - 11 arrows (quivered)
Press: ? - help, Shift-Dir - straight line, f/p - adder
Aim: an adder (severely wounded)
You shoot an arrow.
The arrow hits the adder but does no damage.
The adder is severely wounded.
The adder bites you but does no damage.
Firing (i - inventory)
d - 10 arrows (quivered)
Press: ? - help, Shift-Dir - straight line, f/p - adder
Aim: an adder (heavily wounded)
You shoot an arrow. The arrow closely misses the adder.
The adder bites you.
* * * LOW HITPOINT WARNING * * *
You are lethally poisoned!
The adder poisons you! The adder bites you.
You die...

#...##(...#####
.........##
###......K## #######
#........# #.....#
#...(....#####.....#
#..................# .
#†/.........((K....#
..#........#####S....#
##'........# #@....#
.........$.# #######
...........#######
.............#...##
............!.....##
....$..........(...#
##.................#
##................#
#######.>.......##


You could see an adder and a kobold.

Vanquished Creatures
  An adder skeleton (D:2)
  A bat (D:2)
  A giant cockroach (D:2)
  A goblin (D:1)
  A hobgoblin (D:2)
  A frilled lizard (D:1)
6 creatures vanquished.

Notes
Turn   | Place    | Note
-------+----------+-------------------------------------------
     0 | D:1      | Kagalorn the Centaur Hunter began the quest for the Orb.
     0 | D:1      | Reached XP level 1. HP: 17/17 MP: 1/1
    80 | D:1      | You fall into a shaft and drop 1 floor!
   141 | D:2      | Reached XP level 2. HP: 18/24 MP: 2/2
   209 | D:2      | Reached skill level 6 in Bows
   212 | D:2      | Slain by an adder

Levels and vault maps discovered:
D:1:      elethiomel_arrival_maze, layout_loops_ring, serial_forest,
          infiniplex_forest_straight_2, infiniplex_forest_clump_long,
          infiniplex_forest_lined_2, infiniplex_forest_clump_double,
          infiniplex_forest_lined_room_2, infiniplex_forest_clump_small,
          infiniplex_forest_straight_4
D:2:      layout_rooms, chequers_serial_rivers_room_a

Skill      XL: |  1  2 |
---------------+-------+-----
Bows           | 6 |  6.0
Fighting       | |  2.0
Dodging        | |  1.3
Stealth        | |  0.4

Action                   || total
-------------------------++-------
Melee: Short sword       ||    16
       Kick              ||     2
 Fire: Shortbow          ||    11
Armor: Leather armour    ||    14
Dodge: Dodged            ||    14

Table legend:
 A = Non-vault XP
 B = Vault XP
 C = Vault XP percentage of total XP
 D = Non-vault monster count
 E = Vault monster count
 F = Vault count percentage of total count
                 A         B        C        D         E       F
            +---------+---------+-------+---------+---------+-------
      Total |      14 |       0 |   0.0 |       6 |       0 |   0.0
            +---------+---------+-------+---------+---------+-------
        D:1 |       3 |       0 |   0.0 |       2 |       0 |   0.0
        D:2 |      11 |       0 |   0.0 |       4 |       0 |   0.0
            +---------+---------+-------+---------+---------+-------
